AoeStats
← TikolaNesla

Fortress

509109123Analyzed
4v4 RM · 7d ago on Sep 25, 2026· 26m 57s· 8 players
Game mode
Random Map
Map size
Huge
Population
200
Speed
Normal
Resources
Standard
Victory
Conquest
Starting age
Dark Age
Ending age
Imperial Age
RankedLock teamsTeams togetherTeam positionsShared explorationLock speedFull tech treeHidden civsTurbo modeCheats
Victory
Defeat
🇨🇭 Burgundians · Switzerland
866
+12
🇱🇹 Ethiopians · Lithuania
818
+14
🇷🇺 Khmer · Russia
801
+15
🇮🇹 Japanese · Italy
779
+16
🇩🇪 Danes · Germany
896
-18
🇬🇧 Britons · United Kingdom
795
-29
🇮🇩 Persians · Indonesia
717
-12
🇺🇸 Portuguese · United States
709
-12
KTI_CesaRooR1312
0:33 Loom
9:44 Feudal Age
11:05 Double-Bit Axe
14:11 Wheelbarrow
16:38 Castle Age
14:43 Horse Collar
15:16 Gold Mining
15:46 Stone Mining
16:50 Forging
16:43 Scale Mail Armor
19:26 Heavy Plow
19:42 Bow Saw
23:48 Imperial Age
23:08 Gold Shaft Mining
23:13 Iron Casting
22:54 Chain Mail Armor
24:35 Arson
24:51 Squires
24:37 Gambesons
25:21 Conscription
28:28 Two-Man Saw
Jenius
2:22 Loom
11:45 Feudal Age
13:48 Town Watch
19:03 Castle Age
18:39 Forging
18:30 Scale Mail Armor
19:55 Fletching
21:06 Squires
20:54 Arson
23:46 Iron Casting
23:26 Chain Mail Armor
24:51 Ballistics
24:36 Horse Collar
pelikanecho314
2:01 Loom
7:48 Feudal Age
6:25 Double-Bit Axe
11:02 Horse Collar
15:10 Castle Age
14:29 Gold Mining
14:56 Bow Saw
14:48 Heavy Plow
15:28 Wheelbarrow
16:32 Husbandry
18:41 Scale Barding Armor
18:48 Forging
20:28 Cavalier
21:45 Hand Cart
24:32 Chain Barding Armor
GruZZilo
0:29 Loom
11:11 Feudal Age
14:04 Castle Age
13:22 Double-Bit Axe
13:21 Horse Collar
13:38 Gold Mining
15:13 Wheelbarrow
17:01 Bow Saw
18:41 Caravan
19:51 Hand Cart
19:30 Town Watch
19:53 Heavy Plow
20:35 Gold Shaft Mining
21:11 Stone Mining
21:52 Forging
21:42 Scale Mail Armor
22:38 Stone Shaft Mining
24:01 Iron Casting
23:44 Chain Mail Armor
TikolaNesla
8:13 Feudal Age
10:54 Padded Archer Armor
11:02 Scale Barding Armor
12:46 Fletching
27:15 Castle Age
sascha.n.89
adriana.brown8
FILIPINA BACOT
0:35 Loom
10:50 Feudal Age
Connection lost

Rejoining the realm…

Still unreachable

The connection could not be restored.

Session expired

The server has moved on; the page needs a fresh start.